 Dungeon Crawl Stone Soup version 0.29-a0-612-gb8e136f (webtiles) character file.

Game seed: 17568032774922665095

53 Illumine the Cudgeller (level 4, -2/40 HPs)
             Began as a Meteoran Fighter on June 16, 2022.
             Was a Follower of Cheibriados.
             Killed by divine providence
             ... invoked by an orc priest
              (11 damage)
             ... on level 3 of the Dungeon.
             The game lasted 00:01:23 (461 turns).

Illumine the Cudgeller (Meteoran Fighter)            Turns: 461, Time: 00:01:23

Health: -2/40      AC:  7    Str: 22    XL:     4   Next: 32%
Magic:  5/5        EV:  9    Int: 12    God:    Cheibriados [*.....]
Gold:   45         SH:  5    Dex: 17    Spells: 3/3 levels left

rFire   . . .      SeeInvis .   a - +0 flail
rCold   . . .      Faith    .   c - +0 buckler
rNeg    . . .      Spirit   .   b - +0 scale mail
rPois   .          Reflect  .   (no helmet)
rElec   .          Harm     .   (no cloak)
rCorr   .          Rampage  .   (no gloves)
Will    .....                   (no boots)
Stlth   ..........              (no amulet)
HPRegen 0.13/turn               (no ring)
MPRegen 0.09/turn               (no ring)

@: glowing, very slow
A: sense surroundings 1, otherworldly, glowing, explore regen
a: Renounce Religion, Bend Time


You were on level 3 of the Dungeon.
You worshipped Cheibriados.
Cheibriados was aware of your devotion.
You visited 1 branch of the dungeon, and saw 3 of its levels.

You collected 45 gold pieces.

Inventory:

Hand Weapons
 a - a +0 flail (weapon)
Armour
 b - a +0 scale mail (worn)
 c - a +0 buckler (worn)
Scrolls
 f - a scroll of enchant weapon {unknown}
 g - a scroll of magic mapping {unknown}
Potions
 d - a potion of might
 e - a potion of curing {unknown}


   Skills:
 + Level 3.8 Fighting
 * Level 4.2 Maces & Flails
 + Level 3.9 Armour
 - Level 4.0 Shields


You had 3 spell levels left.
You didn't know any spells.
Your spell library was empty.

Dungeon Overview and Level Annotations

Branches:
Dungeon (3/15) Zot: 2103

Altars:
Cheibriados


Innate Abilities, Weirdness & Mutations

You passively map a small area around you.
You are easily found by Zot.
You glow in the dark.
You regain HP and MP as you explore.


Message History

You climb downwards.
You block the orc's attack. The orc hits you with a +0 short sword.
There is a stone staircase leading up here.
You sock the orc!
You kill the orc!
Cheibriados appreciates the change of pace.
You hit the orc priest but do no damage.
The orc priest hits you with a +1 flail of holy wrath.
You thump the orc priest!
The orc priest is heavily wounded.
The orc priest hits you with a +1 flail of holy wrath. x2
You closely miss the orc priest.
The orc priest is heavily wounded.
The orc priest hits you with a +1 flail of holy wrath.
You closely miss the orc priest.
The orc priest is heavily wounded.
The orc priest misses you.
You hit the orc priest but do no damage.
The orc priest is heavily wounded.
The orc priest barely misses you.
You barely miss the orc priest.
The orc priest is heavily wounded.
The orc priest hits you but does no damage.
The orc priest mumbles some strange prayers to Beogh against you.
Beogh smites you!
You hit the orc priest but do no damage.
The orc priest is heavily wounded.
The orc priest closely misses you.
You completely miss the orc priest.
The orc priest is heavily wounded.
The orc priest hits you with a +1 flail of holy wrath!
* * * LOW HITPOINT WARNING * * *
You sock the orc priest!
The orc priest is almost dead.
The orc priest closely misses you.
You barely miss the orc priest.
The orc priest is almost dead.
The orc priest calls down the wrath of Beogh upon you.
Beogh smites you!
You die...

* *, , ######
##. *
.#####.....,.. *
, ....)..... ..*
* .........# .,
, * *
.........#.#,# ,
, .........#.#.#
* ,
......o@.....#.#
, ,
##.....#<.......
#######)##.#.##
* ..# .., , * ,
* * , ####* * .
, **, ,, * * * *
* , ,,* , *


You could see an orc priest.

Vanquished Creatures
  An orc wizard (D:2)
  An adder (D:2)
  3 orcs
  A ball python (D:1)
  2 endoplasms (D:1)
  A giant cockroach (D:1)
  4 goblins
  A hobgoblin (D:1)
  4 rats
18 creatures vanquished.

Notes
Turn   | Place    | Note
-------+----------+-------------------------------------------
     0 | D:1      | Illumine the Meteoran Fighter began the quest for the Orb.
     0 | D:1      | Reached XP level 1. HP: 19/19 MP: 2/2
    12 | D:1      | Found a faded altar of an unknown god.
    67 | D:1      | Reached XP level 2. HP: 24/26 MP: 3/3
   128 | D:1      | Prayed at the altar of an unknown god.
   128 | D:1      | Became a worshipper of Cheibriados the Contemplative
   128 | D:1      | Reached * piety under Cheibriados
   219 | D:2      | Reached XP level 3. HP: 31/31 MP: 4/4
   297 | D:2      | Reached XP level 4. HP: 31/40 MP: 5/5
   461 | D:3      | Killed from afar by an orc priest

Illustrated notes

Levels and vault maps discovered:
D:1:      minmay_arrival_stair_chambers, layout_basic,
          ebering_ecumenical_altar_webs, minmay_misc_feat_iff
D:2:      layout_basic, basic_altar, uniq_sigmund
D:3:      layout_basic, elyvilon_altar_5, serial_shops, nicolae_shop_crystal

Skill      XL: |  1  2  3 |
---------------+----------+-----
Maces & Flails | 3 4 |  4.2
Shields        | 4 |  4.0
Fighting       | |  3.8
Armour         | |  3.9

Action                   |  1- 3 |  4- 6 || total
-------------------------+-------+-------++-------
Melee: Flail             |    33 |    21 ||    54
Armor: Scale mail        |    10 |     9 ||    19
Dodge: Dodged            |    10 |     6 ||    16
Block: Buckler           |     9 |     4 ||    13

Table legend: (Time is in decaauts)
 A = Elapsed time spent in this place.
 B = Non-inter-level travel time spent in this place.
 C = Inter-level travel time spent in this place.
 D = Time resting spent in this place.
 E = Time spent auto-exploring this place.
 F = Levels seen in this place.
 G = Mean time per level.
                   A        B        C        D        E       F      G
               +--------+--------+--------+--------+--------+-----+--------+
         Total |    529 |    499 |     30 |    135 |    182 |   3 |  176.3 |
       Dungeon |    529 |    499 |     30 |    135 |    182 |   3 |  176.3 |
               +--------+--------+--------+--------+--------+-----+--------+

Top non-repeatable levels by time:
     D:2: 352 daAuts
     D:1: 152 daAuts
     D:3: 24 daAuts
